 Dungeon Crawl Stone Soup version 0.29.1-15-g9cfb28693d (webtiles) character file.

Game seed: 8771517263053477805

14 protoss039 the Sneak (level 2, -2/20 HPs)
             Began as a Vampire Enchanter on Mar 28, 2023.
             Slain by a quokka (4 damage)
             ... on level 1 of the Dungeon.
             The game lasted 00:01:08 (225 turns).

protoss039 the Sneak (Vampire Enchanter)             Turns: 225, Time: 00:01:10

Health: -2/20      AC:  2    Str:  7    XL:     2   Next: 31%
Magic:  5/5        EV: 12    Int: 17    God:
Gold:   62         SH:  0    Dex: 14    Spells: 5/5 levels left

rFire   . . .      SeeInvis +   a - +1 dagger
rCold   . . .      Faith    .   (no shield)
rNeg    . . .      Spirit   .   b - +0 robe
rPois   .          Reflect  .   (no helmet)
rElec   .          Harm     .   (no cloak)
rCorr   .          Rampage  .   (no gloves)
Will    .....                   (no boots)
Stlth   +++.......              (no amulet)
HPRegen 0.26/turn               (no ring)
MPRegen 0.09/turn               (no ring)

@: healing quickly
A: alive, fangs 3, see invisible, vampiric 1
a: Exsanguinate


You were on level 1 of the Dungeon.
You visited 1 branch of the dungeon, and saw 1 of its levels.

You collected 62 gold pieces.

Inventory:

Hand Weapons
 a - a +1 dagger (weapon)
Armour
 b - a +0 robe (worn)
Scrolls
 d - 2 scrolls of identify {unknown}
 e - a scroll of teleportation {unknown}
 g - a scroll of fear {unknown}
Potions
 c - 2 potions of invisibility
 f - a potion of curing {unknown}


   Skills:
 * Level 0.6 Fighting
 + Level 1.3 Short Blades
 + Level 2.3 Dodging
 * Level 4.7 Stealth
 * Level 2.2 Spellcasting
 + Level 4.5 Hexes


You had 5 spell levels left.
You didn't know any spells.
Your spell library contained the following spells:

 Spells                   Type           Power      Damage    Failure   Level
 Confusing Touch          Hex            17%        N/A       9%          3
 Tukima's Dance           Hex            17%        N/A       9%          3
 Ensorcelled Hibernation  Hex/Ice        18%        N/A       11%         2
 Dazzling Flash           Conj/Hex       18%        N/A       22%         3


Dungeon Overview and Level Annotations

Branches:
Dungeon (1/15) Zot: 5776

Altars:


Innate Abilities, Weirdness & Mutations

Your natural rate of healing is accelerated.
You have razor-sharp teeth.
You have supernaturally acute eyesight. (SInv)
You are afflicted with vampirism.


Message History

Unknown command.
You completely miss the quokka. Your bite misses the quokka.
The quokka misses you.
Unknown command.
You hit the quokka but do no damage.
The quokka twitches its whiskers.
The quokka bites you.
Unknown command.
You miss the quokka. The quokka closely misses you.
Unknown command.
You closely miss the quokka.
The quokka bites you but does no damage.
The quokka bites you.
Unknown command.
You hit the quokka. Your bite misses the quokka.
The quokka is heavily wounded.
The quokka bites you.
* * * LOW HITPOINT WARNING * * *
Unknown command.
Press: ? - help, v - describe, . - travel
Here: a rat The floor.
There are monsters nearby!
You hit the quokka.
The quokka is almost dead.
The quokka misses you.
Unknown command.
You barely miss the quokka. Your punch misses the quokka.
The quokka is almost dead.
The quokka closely misses you.
Unknown command.
You barely miss the quokka.
The quokka is almost dead.
The quokka bites you.
* * * LOW HITPOINT WARNING * * *
Unknown command.
You miss the quokka.
The quokka is almost dead.
The quokka bites you.
You die...

#............... .
#######.........
..##########.........
####..................†.
..........†###.........
......................
#.####.....###.......
#..##......# ##......
#rr@..##.## #...##.
##..##.#...# #.#####
#........### ##
...##...### #### #####


You could see a quokka and a rat.

Vanquished Creatures
  A bat (D:1)
  A giant cockroach (D:1)
  2 goblins (D:1)
  A hobgoblin (D:1)
  2 quokkas (D:1)
  2 ball pythons (D:1)
  A frilled lizard (D:1)
  A kobold (D:1)
  2 rats (D:1)
13 creatures vanquished.

Notes
Turn   | Place    | Note
-------+----------+-------------------------------------------
     0 | D:1      | protoss039 the Vampire Enchanter began the quest for the
                  | Orb.
     0 | D:1      | Reached XP level 1. HP: 13/13 MP: 3/3
   112 | D:1      | Reached XP level 2. HP: 14/20 MP: 5/5
   224 | D:1      | HP: 1/20 [quokka (4)]
   225 | D:1      | Slain by a quokka

Illustrated notes

Levels and vault maps discovered:
D:1:      dpeg_arrival_long_road, layout_rooms

Action                   || total
-------------------------++-------
Melee: Dagger            ||    50
       Bite              ||     3
       Punch             ||     1
Armor: Robe              ||    12
Dodge: Dodged            ||    31
